AoeStats
← pbtmp01

Arabia

507795142Analyzed
2v2 RM · 14d ago on Sep 19, 2026· 57m 51s· 4 players
Game mode
Random Map
Map size
Medium (4 player)
Population
200
Speed
Normal
Resources
Standard
Victory
Conquest
Starting age
Dark Age
Ending age
Imperial Age
RankedLock teamsTeams togetherTeam positionsShared explorationLock speedFull tech treeHidden civsTurbo modeCheats
Victory
Defeat
🇪🇸 Gurjaras · Spain
875
+17
🇬🇧 Italians · United Kingdom
853
+18
🇩🇪 Khmer · Germany
909
-18
🇬🇧 Franks · United Kingdom
893
-17
theLamb42
1:19 Loom
12:02 Feudal Age
17:09 Castle Age
17:03 Fletching
17:13 Padded Archer Armor
18:54 Double-Bit Axe
24:36 Bodkin Arrow
25:03 Horse Collar
27:04 Wheelbarrow
29:03 Ballistics
28:14 Pikeman
30:25 Murder Holes
32:02 Forging
32:07 Gold Mining
33:44 Leather Archer Armor
37:02 Imperial Age
35:49 Squires
38:05 Bracer
38:35 Ring Archer Armor
39:47 Chemistry
41:56 Caravan
42:43 Bow Saw
50:33 Elite Skirmisher
Boni_5
3:26 Loom
11:59 Feudal Age
13:09 Horse Collar
13:26 Double-Bit Axe
13:56 Town Watch
17:58 Forging
22:09 Castle Age
21:11 Bloodlines
21:03 Stone Mining
22:31 Scale Barding Armor
22:23 Gold Mining
24:31 Wheelbarrow
24:15 Husbandry
24:42 Heavy Plow
28:21 Bow Saw
33:37 Imperial Age
32:01 Iron Casting
31:47 Chain Barding Armor
33:21 Hand Cart
35:32 Chemistry
34:53 Ballistics
34:28 Heavy Camel Rider
36:38 Plate Barding Armor
41:07 Conscription
DJ7darkness
10:47 Feudal Age
14:14 Castle Age
12:31 Double-Bit Axe
12:44 Double-Bit Axe
14:18 Bloodlines
16:21 Gold Mining
18:06 Scale Barding Armor
22:21 Stone Mining
23:08 Gold Shaft Mining
24:17 Bow Saw
28:59 Chain Barding Armor
28:50 Forging
33:29 Imperial Age
33:51 Cavalier
35:23 Heavy Scorpion
37:32 Plate Barding Armor
pbtmp01
8:26 Loom
10:41 Feudal Age
13:07 Double-Bit Axe
17:17 Castle Age
16:35 Scale Barding Armor
17:42 Forging
17:26 Gold Mining
27:46 Wheelbarrow
27:03 Town Watch
29:54 Stone Mining
33:21 Imperial Age
32:35 Chain Barding Armor
32:16 Padded Archer Armor
32:07 Fletching
33:59 Cavalier
34:04 Elite Skirmisher
35:01 Leather Archer Armor
35:22 Plate Barding Armor
34:43 Bodkin Arrow
35:24 Iron Casting
36:50 Paladin
39:22 Ballistics
41:11 Blast Furnace
41:52 Husbandry
47:11 Pikeman
47:51 Squires
49:04 Halberdier
Connection lost

Rejoining the realm…

Still unreachable

The connection could not be restored.

Session expired

The server has moved on; the page needs a fresh start.